NCAA
KENTUCKY WILDCATS @ MICHIGAN STATE SPARTANS
05/02/2027
 
TOP OF THE 1ST
Kentucky Wildcats batting - Pitching for Michigan State Spartans : RHP Brad Clay
Pitching: RHP Brad Clay
Batting: RHB Lewis Childress 0-0: Ground out 6-3 (Groundball, 6)
Batting: SHB Steve Shaw 0-0: Called Strike
0-1: Ball
1-1: Swinging Strike
1-2: Ground out 5-3 (Groundball, 56)
Batting: LHB César Rodríguez 0-0: Called Strike
0-1: Ball
1-1: Called Strike
1-2: SOLO HOME RUN (Line Drive, 9D), Distance : 351 ft
Batting: LHB Mark Sanders 0-0: Fly out, F8 (Flyball, 89XD)
Top of the 1st over - 1 run(s), 1 hit(s), 0 error(s), 0 left on base; Kentucky 1 - Michigan State 0
BOTTOM OF THE 1ST
Michigan State Spartans batting - Pitching for Kentucky Wildcats : RHP William Lockhard
Pitching: RHP William Lockhard
Batting: SHB Joe Emery 0-0: Ground out U3 (Groundball, 3)
Batting: LHB Gabriel Estrada 0-0: Foul Ball, location: 2F
0-1: Ball
1-1: DOUBLE (Line Drive, 8LD)
Batting: LHB Cliff Mills 0-0: Foul Ball, location: 2F
0-1: Ball
1-1: Ball
2-1: Fly out, F3 (Popup, 3L)
Batting: RHB Ryan Nelson 0-0: Ball
1-0: Called Strike
1-1: Foul Ball, location: 2F
1-2: Fly out, F6 (Popup, 56D)
Bottom of the 1st over - 0 run(s), 1 hit(s), 0 error(s), 1 left on base; Kentucky 1 - Michigan State 0
TOP OF THE 2ND
Kentucky Wildcats batting - Pitching for Michigan State Spartans : RHP Brad Clay
Batting: RHB Joseph Leach 0-0: Ball
1-0: Fly out, F8 (Flyball, 8RM)
Batting: LHB Matt Taylor 0-0: Ball
1-0: Ground out 1-3 (Groundball, 13S)
Batting: RHB Pat Johnston 0-0: Ball
1-0: Fly out, F7 (Flyball, 7LSF)
Top of the 2nd over - 0 run(s), 0 hit(s), 0 error(s), 0 left on base; Kentucky 1 - Michigan State 0
BOTTOM OF THE 2ND
Michigan State Spartans batting - Pitching for Kentucky Wildcats : RHP William Lockhard
Batting: RHB Ryan Fullerton 0-0: Ball
1-0: Ball
2-0: Swinging Strike
2-1: Swinging Strike
2-2: Strikes out swinging
Batting: LHB Aaron Aguirre 0-0: Ground out 6-3 (Groundball, 56)
Batting: RHB Nelson Wright 0-0: Ball
1-0: Ball
2-0: Ball
3-0: Called Strike
3-1: Ground out 1-3 (Groundball, P)
Bottom of the 2nd over - 0 run(s), 0 hit(s), 0 error(s), 0 left on base; Kentucky 1 - Michigan State 0
TOP OF THE 3RD
Kentucky Wildcats batting - Pitching for Michigan State Spartans : RHP Brad Clay
Batting: SHB Eduardo Luna 0-0: Called Strike
0-1: Foul Ball, location: 2F
0-2: Strikes out swinging
Batting: SHB Russ Beasley 0-0: Ball
1-0: Foul Ball, location: 2F
1-1: Called Strike
1-2: Strikes out swinging
Batting: RHB Lewis Childress 0-0: Ball
1-0: Ball
2-0: SINGLE (Line Drive, 9LS)
Batting: SHB Steve Shaw 0-0: Ball
1-0: Foul Ball, location: 2F
1-1: Ball
Lewis Childress steals 2nd base
2-1: Ball
3-1: 2-RUN HOME RUN (Flyball, 9LD), Distance : 335 ft
Batting: LHB César Rodríguez 0-0: Ball
1-0: Ball
2-0: Fly out, F8 (Flyball, 8LD)
Top of the 3rd over - 2 run(s), 2 hit(s), 0 error(s), 0 left on base; Kentucky 3 - Michigan State 0
BOTTOM OF THE 3RD
Michigan State Spartans batting - Pitching for Kentucky Wildcats : RHP William Lockhard
Batting: RHB Scott Juárez 0-0: Ball
1-0: Called Strike
1-1: Swinging Strike
1-2: Foul Ball, location: 2F
1-2: Ball
2-2: Strikes out swinging
Batting: RHB Spike Walters 0-0: Called Strike
0-1: Ball
1-1: Ball
2-1: SINGLE (Line Drive, 89S)
Batting: SHB Joe Emery 0-0: Called Strike
0-1: Fly out, F9 (Line Drive, 9)
Batting: LHB Gabriel Estrada 0-0: Swinging Strike
0-1: Ball
1-1: Swinging Strike
1-2: Ball
2-2: Ball
3-2: Foul Ball, location: 2F
3-2: Strikes out looking
Bottom of the 3rd over - 0 run(s), 1 hit(s), 0 error(s), 1 left on base; Kentucky 3 - Michigan State 0
TOP OF THE 4TH
Kentucky Wildcats batting - Pitching for Michigan State Spartans : RHP Brad Clay
Batting: LHB Mark Sanders 0-0: Ball
1-0: Ball
2-0: Called Strike
2-1: Swinging Strike
2-2: Strikes out swinging
Batting: RHB Joseph Leach 0-0: Ball
1-0: Ground out 6-3 (Groundball, 6)
Batting: LHB Matt Taylor 0-0: Ball
1-0: Called Strike
1-1: Called Strike
1-2: Ball
2-2: Ground out 2-3 (Groundball, 15S)
Top of the 4th over - 0 run(s), 0 hit(s), 0 error(s), 0 left on base; Kentucky 3 - Michigan State 0
BOTTOM OF THE 4TH
Michigan State Spartans batting - Pitching for Kentucky Wildcats : RHP William Lockhard
Batting: LHB Cliff Mills 0-0: Called Strike
0-1: Swinging Strike
0-2: Foul Ball, location: 2F
0-2: Foul Ball, location: 2F
0-2: Foul Ball, location: 2F
0-2: Ball
1-2: Fly out, F7 (Flyball, 7LMF)
Batting: RHB Ryan Nelson 0-0: Ball
1-0: Swinging Strike
1-1: Called Strike
1-2: SINGLE (Line Drive, 6D)
Batting: RHB Ryan Fullerton 0-0: Called Strike
0-1: Ball
1-1: 2-RUN HOME RUN (Flyball, 78XD), Distance : 380 ft
Batting: LHB Aaron Aguirre 0-0: SINGLE (Line Drive, 9LM)
Batting: RHB Nelson Wright 0-0: SINGLE (Flyball, 9S)
Aaron Aguirre to second
Runner from 2nd tries for 3rd, OUT!
Batting: RHB Scott Juárez 0-0: Ball
1-0: Called Strike
1-1: Called Strike
1-2: Fly out, F7 (Flyball, 78S)
Bottom of the 4th over - 2 run(s), 4 hit(s), 0 error(s), 1 left on base; Kentucky 3 - Michigan State 2
TOP OF THE 5TH
Kentucky Wildcats batting - Pitching for Michigan State Spartans : RHP Brad Clay
Batting: RHB Pat Johnston 0-0: Foul Ball, location: 2F
0-1: SINGLE (Flyball, 89S)
Batting: SHB Eduardo Luna 0-0: Ball
1-0: SINGLE (Line Drive, 78M)
Pat Johnston to second
Batting: SHB Russ Beasley 0-0: Ball
1-0: Called Strike
1-1: Ball
2-1: Hit by Pitch
Pat Johnston to third
Eduardo Luna to second
Batting: RHB Lewis Childress 0-0: Foul Ball, location: 2F
0-1: Ball
1-1: Called Strike
1-2: Strikes out looking
Batting: SHB Steve Shaw 0-0: Foul Ball, location: 2F
0-1: Fly out, F7 (Flyball, 7LMF)
Runner from 3rd tags up, SCORES, no throw
Batting: LHB César Rodríguez 0-0: DOUBLE (Line Drive, 7LM)
Eduardo Luna scores
Russ Beasley to third
Runner from 3rd tries for Home, throw and OUT!
Top of the 5th over - 2 run(s), 3 hit(s), 0 error(s), 1 left on base; Kentucky 5 - Michigan State 2
BOTTOM OF THE 5TH
Michigan State Spartans batting - Pitching for Kentucky Wildcats : RHP William Lockhard
Batting: RHB Spike Walters 0-0: SINGLE (Line Drive, 7S)
Batting: SHB Joe Emery 0-0: Ball
1-0: SINGLE (Flyball, 7S)
Spike Walters to second
Batting: LHB Gabriel Estrada 0-0: Foul Ball, location: 2F
0-1: Ball
1-1: SINGLE (Line Drive, 34)
Spike Walters to third
Joe Emery to second
Batting: LHB Cliff Mills 0-0: Reached on error, E5 (Groundball, 5S)
Spike Walters scores
Joe Emery scores
Gabriel Estrada to third
Batting: RHB Ryan Nelson 0-0: Foul Ball, location: 2F
0-1: Ball
1-1: Foul Ball, location: 2F
1-2: Fly out, F5 (Popup, 56)
Batting: RHB Ryan Fullerton 0-0: SINGLE (Groundball, 56D)
Gabriel Estrada scores
Cliff Mills to third
Runner from 3rd tries for Home, SAFE, throw made home
Pitching: RHP Bryant Hatcher
Batting: LHB Aaron Aguirre 0-0: Ball
1-0: DOUBLE (Line Drive, 89D)
Ryan Fullerton to third
Batting: RHB Nelson Wright 0-0: Intentional Walk
Batting: RHB Scott Juárez 0-0: Ball
1-0: Ball
2-0: Called Strike
2-1: Ball
3-1: Base on Balls
Ryan Fullerton scores
Aaron Aguirre to third
Nelson Wright to second
Batting: RHB Spike Walters 0-0: Ball
1-0: Swinging Strike
1-1: Swinging Strike
1-2: Ball
2-2: Fielders Choice at 2nd, 6-4 (Groundball, 6)
Aaron Aguirre scores
Nelson Wright to third
Batting: SHB Joe Emery 0-0: Ball
1-0: Called Strike
1-1: Called Strike
1-2: Strikes out swinging
Bottom of the 5th over - 6 run(s), 5 hit(s), 1 error(s), 2 left on base; Kentucky 5 - Michigan State 8
TOP OF THE 6TH
Kentucky Wildcats batting - Pitching for Michigan State Spartans : RHP Brad Clay
Batting: LHB Mark Sanders 0-0: Called Strike
0-1: Foul Ball, location: 2F
0-2: Ball
1-2: Ball
2-2: Foul Ball, location: 2F
2-2: Foul Ball, location: 2F
2-2: Strikes out swinging
Batting: RHB Joseph Leach 0-0: Ball
1-0: Called Strike
1-1: Foul Ball, location: 2F
1-2: Ground out 6-3 (Groundball, 6)
Batting: LHB Matt Taylor 0-0: Called Strike
0-1: Ball
1-1: Foul Ball, location: 2F
1-2: Ball
2-2: Strikes out swinging
Top of the 6th over - 0 run(s), 0 hit(s), 0 error(s), 0 left on base; Kentucky 5 - Michigan State 8
BOTTOM OF THE 6TH
Michigan State Spartans batting - Pitching for Kentucky Wildcats : RHP Bryant Hatcher
Batting: LHB Gabriel Estrada 0-0: Ball
1-0: Called Strike
1-1: Called Strike
1-2: Strikes out swinging
Batting: LHB Cliff Mills 0-0: Ball
1-0: Called Strike
1-1: Ball
2-1: SINGLE (Groundball, 6D)
Batting: RHB Ryan Nelson 0-0: Called Strike
Cliff Mills steals 2nd base
0-1: Called Strike
0-2: SINGLE (Line Drive, 34)
Cliff Mills to third
Runner from 3rd tries for Home, SAFE, throw made home
Pitching: RHP Mauro Guerrero
Batting: RHB Ryan Fullerton 0-0: Ball
1-0: Called Strike
1-1: Called Strike
1-2: Strikes out swinging
Batting: LHB Aaron Aguirre 0-0: DOUBLE (Line Drive, 89D)
Ryan Nelson to third
Runner from 3rd tries for Home, throw and OUT!
Bottom of the 6th over - 1 run(s), 3 hit(s), 0 error(s), 1 left on base; Kentucky 5 - Michigan State 9
TOP OF THE 7TH
Kentucky Wildcats batting - Pitching for Michigan State Spartans : RHP Brad Clay
Batting: RHB Pat Johnston 0-0: Called Strike
0-1: Fly out, F8 (Flyball, 8LD)
Batting: SHB Eduardo Luna 0-0: Ball
1-0: Swinging Strike
1-1: SINGLE (Line Drive, 4MD)
Pitching: LHP Martín Sandoval
Batting: SHB Russ Beasley 0-0: Ball
1-0: Ball
2-0: Ball
3-0: Base on Balls
Eduardo Luna to second
Batting: RHB Lewis Childress 0-0: Ball
1-0: Ball
2-0: Called Strike
2-1: Ball
3-1: Base on Balls
Eduardo Luna to third
Russ Beasley to second
Batting: SHB Steve Shaw 0-0: Ball
1-0: Ball
2-0: Fly out, F9 (Flyball, 9S)
Batting: LHB César Rodríguez 0-0: Foul Ball, location: 2F
0-1: Called Strike
0-2: Ball
1-2: Foul Ball, location: 2F
1-2: Ball
2-2: Fly out, F7 (Flyball, 78S)
Top of the 7th over - 0 run(s), 1 hit(s), 0 error(s), 3 left on base; Kentucky 5 - Michigan State 9
BOTTOM OF THE 7TH
Michigan State Spartans batting - Pitching for Kentucky Wildcats : RHP Mauro Guerrero
Batting: RHB Nelson Wright 0-0: Foul Ball, location: 2F
0-1: Ball
1-1: Swinging Strike
1-2: SINGLE (Line Drive, 56D)
Batting: RHB Scott Juárez 0-0: Bunted foul
0-1: Ball
1-1: Bunted foul
1-2: Ball
Passed Ball!
Nelson Wright to second
2-2: Foul Ball, location: 2F
2-2: Foul Ball, location: 2F
2-2: Foul Ball, location: 2F
2-2: Strikes out looking
Batting: RHB Spike Walters 0-0: Ball
1-0: Called Strike
1-1: Called Strike
1-2: Ball
2-2: Ball
3-2: Base on Balls
Batting: SHB Joe Emery 0-0: Foul Ball, location: 2F
0-1: Ball
1-1: Called Strike
1-2: Ground out 3-1 (Groundball, 34S)
Nelson Wright to third
Spike Walters to second
Batting: LHB Gabriel Estrada 0-0: Ball
1-0: Ground out 3-1 (Groundball, 34)
Bottom of the 7th over - 0 run(s), 1 hit(s), 0 error(s), 2 left on base; Kentucky 5 - Michigan State 9
TOP OF THE 8TH
Kentucky Wildcats batting - Pitching for Michigan State Spartans : LHP Martín Sandoval
Batting: LHB Mark Sanders 0-0: Swinging Strike
0-1: Ball
1-1: Called Strike
1-2: Ball
2-2: Strikes out swinging
Batting: RHB Joseph Leach 0-0: Ball
1-0: Ground out 4-3 (Groundball, 4M)
Batting: LHB Matt Taylor 0-0: Ball
1-0: Called Strike
1-1: Swinging Strike
1-2: Strikes out swinging
Top of the 8th over - 0 run(s), 0 hit(s), 0 error(s), 0 left on base; Kentucky 5 - Michigan State 9
BOTTOM OF THE 8TH
Michigan State Spartans batting - Pitching for Kentucky Wildcats : RHP Mauro Guerrero
Batting: LHB Cliff Mills 0-0: Ball
1-0: Foul Ball, location: 2F
1-1: Ball
2-1: Ball
3-1: Base on Balls
Batting: RHB Ryan Nelson 0-0: Ball
Wild Pitch!
Cliff Mills to second
1-0: Intentional Walk
Batting: RHB Ryan Fullerton 0-0: Swinging Strike
0-1: 3-RUN HOME RUN (Flyball, 7LD), Distance : 328 ft
Pitching: RHP Bryce Gray
Batting: LHB Aaron Aguirre 0-0: Ball
1-0: Ball
2-0: Ball
3-0: Base on Balls
Batting: RHB Nelson Wright 0-0: Ball
1-0: Grounds into double play, 6-4-3 (Groundball, 6)
Batting: RHB Scott Juárez 0-0: Called Strike
0-1: Ball
1-1: Ball
2-1: Ground out 6-3 (Groundball, 56)
Bottom of the 8th over - 3 run(s), 1 hit(s), 0 error(s), 0 left on base; Kentucky 5 - Michigan State 12
TOP OF THE 9TH
Kentucky Wildcats batting - Pitching for Michigan State Spartans : LHP Martín Sandoval
Now at 3B: Bennett McGee
Batting: RHB Pat Johnston 0-0: Foul Ball, location: 2F
0-1: Ball
1-1: Foul Ball, location: 2F
1-2: Ball
2-2: Ball
3-2: Foul Ball, location: 2F
3-2: Foul Ball, location: 2F
3-2: Foul Ball, location: 2F
3-2: Base on Balls
Batting: SHB Eduardo Luna 0-0: Fly out, F8 (Flyball, 8LM)
Batting: SHB Russ Beasley 0-0: Ball
1-0: Swinging Strike
1-1: Called Strike
1-2: Ball
2-2: Ball
3-2: Strikes out swinging
Batting: RHB Lewis Childress 0-0: Ball
1-0: Foul Ball, location: 2F
1-1: Called Strike
1-2: Ball
2-2: Ball
3-2: Base on Balls
Pat Johnston to second
Batting: SHB Steve Shaw 0-0: Called Strike
0-1: Ball
Wild Pitch!
Pat Johnston to third
Lewis Childress to second
1-1: Ball
2-1: Ball
3-1: Ground out 6-3 (Groundball, 6)
Top of the 9th over - 0 run(s), 0 hit(s), 0 error(s), 2 left on base; Kentucky 5 - Michigan State 12
Thursday, March 30th, 2017 - OOTP Baseball 17.12 Build 75